 Dungeon Crawl Stone Soup version 0.21-a0-504-g2eda330 (webtiles) character file.

11 Goblin1989 the Insei (level 2, 19/24 HPs)
             Began as a Demonspawn Monk on Nov 25, 2017.
             Quit the game on level 1 of the Dungeon.
             The game lasted 00:00:46 (328 turns).

Goblin1989 the Insei (Demonspawn Monk)               Turns: 328, Time: 00:00:47

Health: 19/24      AC:  2    Str: 11    XL:     2   Next: 17%
Magic:  2/2        EV: 13    Int: 11    God:
Gold:   7          SH:  0    Dex: 15    Spells: 1/1 levels left

rFire    . . .     SeeInvis .     - Unarmed
rCold    . . .     Gourm    .   (no shield)
rNeg     . . .     Faith    .   a - +0 robe
rPois    .         Spirit   .   (helmet restricted)
rElec    .         Reflect  .   (no cloak)
rCorr    .         Harm     .   (no gloves)
MR       .....                  (no boots)
Stlth    ++........             (no amulet)
HPRegen  0.08/turn              (no ring)
MPRegen  0.08/turn              (no ring)

@: no status effects
A: antennae 1
a: no special abilities


You were on level 1 of the Dungeon.
You were not hungry.

You visited 1 branch of the dungeon, and saw 2 of its levels.

You collected 7 gold pieces.

Inventory:

Armour
 a - a +0 robe (worn)
Potions
 g - a potion of might {unknown}
Comestibles
 e - a bread ration {@e1}
 h - a meat ration {@e2}


   Skills:
 - Level 3.0 Fighting
 - Level 2.6 Dodging
 - Level 1.7 Stealth
 + Level 3.3 Unarmed Combat


You had one spell level left.
You didn't know any spells.

Dungeon Overview and Level Annotations

Branches:
Dungeon (2/15)

Altars:


Innate Abilities, Weirdness & Mutations

You have a pair of small antennae on your head.


Message History

You closely miss the rat.
The rat is severely wounded.
The rat bites you.
You take 1 damage, and have 12/18 hp.
You hit the rat.
You kill the rat!
No target in view!
No target in view!
No target in view!
No target in view!
No target in view!
No target in view!
No target in view!
No target in view!
Key pressed, stopping explore.
All of the chunks of flesh in your inventory have rotted away.
HP restored.
You now have 7 gold pieces (gained 5).
You open the door.
A giant cockroach and a goblin come into view.
Health restored: 18
There are monsters nearby!
There are monsters nearby!
There are monsters nearby!
A kobold comes into view.
The kobold shouts!
The kobold throws a stone.
The stone hits you but does no damage.
A dart slug comes into view.
There is an open door here.
You see here a stone.
You hit the goblin but do no damage. The goblin misses you.
You hit the goblin.
You kill the goblin!
The kobold throws a stone.
The stone closely misses you. The giant cockroach misses you.
You hit the giant cockroach but do no damage.
The giant cockroach barely misses you.
The kobold throws a stone.
The stone closely misses you.
You hit the giant cockroach.
The giant cockroach is almost dead.
The giant cockroach barely misses you.
The kobold throws a stone.
The stone misses you.
You hit the giant cockroach.
You kill the giant cockroach!
You have reached level 2!
Your demonic ancestry asserts itself...
A pair of antennae grows on your head!
The kobold throws a stone.
The stone closely misses you.
You barely miss the dart slug. The dart slug launches a dart at you.
The slug dart hits you!
You hit the dart slug.
The dart slug is heavily wounded.
You regained 4 hp, and now have 22/24 hp.
MP restored: 2 You hit the dart slug.
The dart slug is heavily wounded.
The dart slug misses you.
You hit the dart slug.
The dart slug is almost dead.
The kobold closely misses you. The dart slug closely misses you.
You hit the dart slug but do no damage.
The dart slug is almost dead.
The kobold hits you.
You take 3 damage, and have 19/24 hp.
You hit the dart slug.
You kill the dart slug!
The kobold closely misses you.
You hit the kobold but do no damage. The kobold barely misses you.
You hit the kobold.
The kobold is moderately wounded.
The kobold hits you.
You take 1 damage, and have 18/24 hp.
You closely miss the kobold.
The kobold is moderately wounded.
The kobold hits you but does no damage.
You hit the kobold.
You kill the kobold!
No target in view!
No target in view!
No target in view!
No target in view!
No target in view!
No target in view!
No target in view!
No target in view!
No target in view!
No target in view!
No target in view!
No target in view!
No target in view!
No target in view!
No target in view!
No target in view!
No target in view!
No target in view!
No target in view!
No target in view!
No target in view!
Are you sure you want to abandon this character and quit the game? (Confirm with "yes".)

. █....█ .█
████....██......).█ .█
█........██........█ .█
█.██.....██........█ .█
█........██........█
>████.........█........█
............█.█........█
.)..........█.█.....█
.)..........█.█(@)..█
............█.██.†..███
............█..(........
....)...████████....████
............█ █....█
..███.......█ █....█ ..█
█.......█


██████ ..█ █.......█ █████.███████████████████████████ There were no monsters in
sight!

Vanquished Creatures
  2 dart slugs (D:1)
  A giant cockroach (D:1)
  A hobgoblin (D:1)
  2 goblins (D:1)
  A kobold (D:1)
  2 rats (D:1)
9 creatures vanquished.

Notes
Turn   | Place    | Note
-------+----------+-------------------------------------------
     0 | D:1      | Goblin1989 the Demonspawn Monk began the quest for the Orb.
     0 | D:1      | Reached XP level 1. HP: 18/18 MP: 1/1
   165 | D:1      | You fall through a shaft!
   316 | D:1      | Gained mutation: You have a pair of small antennae on your head. [demonic ancestry]
   316 | D:1      | Reached XP level 2. HP: 24/24 MP: 2/2
   328 | D:1      | Quit the game

Vault maps used:
D:1:      dpeg_arrival_simpleton_b
D:2:      nicolae_overflow_hidden_temple, serial_bayou_ford_a

Skill      XL: |  1 |
---------------+----+-----
Unarmed Combat | 3 |  3.3
Fighting       | |  3.0
Dodging        | |  2.6
Stealth        | |  1.7

Action                   || total
-------------------------++-------
Melee: Unarmed           ||    34
 Stab: Sleeping          ||     1
Armor: Robe              ||     4
Dodge: Dodged            ||    22

Table legend:
 A = Spawn XP
 B = Non-spawn XP
 C = Spawn XP percentage of total XP
 D = Spawn monster count
 E = Non-spawn monster count
 F = Spawn count percentage of total count
 G = Total turns spent on level
                    A         B        C        D         E        F      G
               +---------+---------+-------+---------+---------+-------+---------
         Total |       0 |      17 |   0.0 |       0 |       9 |   0.0 |   328
               +---------+---------+-------+---------+---------+-------+---------
           D:1 |       0 |      17 |   0.0 |       0 |       9 |   0.0 |   315
               +---------+---------+-------+---------+---------+-------+---------

Vault maps used:
D:1:      dpeg_arrival_simpleton_b
D:2:      nicolae_overflow_hidden_temple, serial_bayou_ford_a
